 Seeded DCSS version 0.28.0-45-g0d030f2227 (webtiles) character file.

Game seed: 11508040811408598718 (custom seed)

16 xaos the Conjurer (level 2, -1/19 HPs)
             Began as a Human Conjurer on Apr 12, 2022.
             Succumbed to an adder's poison
             ... on level 2 of the Dungeon on Apr 19, 2022.
             The game lasted 00:05:20 (2179 turns).

xaos the Conjurer (Human Conjurer)                  Turns: 2179, Time: 00:05:21

Health: -1/19      AC:  2    Str:  7    XL:     2   Next: 75%
Magic:  0/5        EV: 12    Int: 18    God:
Gold:   49         SH:  0    Dex: 11    Spells: 4/5 levels left

rFire   . . .      SeeInvis .   f - +0 hand axe
rCold   . . .      Faith    .   (no shield)
rNeg    . . .      Spirit   .   a - +0 robe
rPois   .          Reflect  .   (no helmet)
rElec   .          Harm     .   (no cloak)
rCorr   .          Rampage  .   (no gloves)
Will    .....                   (no boots)
Stlth   ++........              (no amulet)
HPRegen 0.06/turn               (no ring)
MPRegen 0.09/turn               (no ring)

@: lethally poisoned (-1 -> -14)
A: no striking features
a: no special abilities


You were on level 2 of the Dungeon.
You visited 1 branch of the dungeon, and saw 2 of its levels.

You collected 49 gold pieces.

Inventory:

Hand Weapons
 f - a +0 hand axe (weapon)
Armour
 a - a +0 robe (worn)
Scrolls
 d - a scroll of noise {unknown}
 e - a scroll of identify {unknown}
Potions
 c - a potion of degeneration {unknown}


   Skills:
 + Level 0.1 Fighting
 + Level 2.0 Dodging
 + Level 2.4 Stealth
 + Level 2.2 Spellcasting
 + Level 4.2 Conjurations


You had 4 spell levels left.
You knew the following spells:

 Your Spells              Type           Power      Damage    Failure   Level
a - Magic Dart            Conj           68%        1d6       3%          1

Your spell library contained the following spells:

 Spells                   Type           Power      Damage    Failure   Level
 Searing Ray              Conj           34%        2d5       4%          2
 Dazzling Flash           Conj/Hex       18%        N/A       22%         3
 Fulminant Prism          Conj/Hex       4%         3d6       58%         4
 Iskenderun's Mystic Bla  Conj/Tloc      9%         2d4       58%         4


Dungeon Overview and Level Annotations

Branches:
Dungeon (2/15)

Altars:


Message History

The magic dart hits the adder.
The adder is lightly wounded.
Aiming: Magic Dart (safe; 3% risk of failure)
Press: ? - help, Q - select action Shift-Dir - straight line, f/p - adder
Aim: an adder (lightly wounded, 100% to hit)
The magic dart hits the adder.
The adder is heavily wounded.
You don't have enough magic to cast this spell.
You don't have enough magic to cast this spell.
A bat comes into view.
The adder barely misses you. The adder bites you.
You miss the adder.
The adder is heavily wounded.
The adder misses you.
You closely miss the adder.
The adder is heavily wounded.
You completely miss the bat. The bat closely misses you. The adder bites you.
You are poisoned.
The adder poisons you! The bat hits you but does no damage.
The adder bites you.
You hit the adder.
The adder is severely wounded.
You hit the bat.
You feel sick. The bat hits you. The bat hits you but does no damage.
The adder bites you.
You are lethally poisoned!
The adder poisons you! The adder bites you.
You are more poisoned.
The adder poisons you!
You closely miss the adder.
The adder is severely wounded.
You hit the bat but do no damage.
* * * LOW HITPOINT WARNING * * *
You feel very sick. The bat hits you but does no damage. The adder bites you.
* * * LOW HITPOINT WARNING * * *
Unknown command.
Unknown command.
Unknown command.
Unknown command.
You die...

.# #.#. ...
#######.#
#.......#
#.......#
#.).....#
#.......##.S
#..@........
#...Sb..#...
#.......# ##
###...###
..)..
.......
........
#.#.....#.


You could see an adder and a bat.

Vanquished Creatures
  A dart slug (D:1)
  A ball python (D:2)
  A giant cockroach (D:1)
  2 goblins
  2 jackals (D:1)
  3 kobolds
  A quokka (D:1)
  A bat (D:1)
12 creatures vanquished.

Notes
Turn   | Place    | Note
-------+----------+-------------------------------------------
     0 | D:1      | xaos the Human Conjurer began the quest for the Orb.
     0 | D:1      | Reached XP level 1. HP: 13/13 MP: 3/3
  1098 | D:1      | Reached XP level 2. HP: 19/19 MP: 1/5
  1140 | D:1      | Found a faded altar of an unknown god.
  2179 | D:2      | Succumbed to an adder's poison

Illustrated notes

Levels and vault maps discovered:
D:1:      dpeg_arrival_boxorama, layout_basic,
          hellmonk_ecumenical_altar_crossroads, chequers_hall_statues_corner_a
D:2:      layout_loops_cross

Action                   || total
-------------------------++-------
Melee: Short sword       ||    17
       Unarmed           ||     2
       Hand axe          ||    17
 Cast: Magic Dart        ||    17
Armor: Robe              ||    10
Dodge: Dodged            ||    36
